 Dungeon Crawl Stone Soup version 0.22-a0-445-g8c8ef71 (webtiles) character file.

36528 Gorglomux the Protected (level 13, 0/124 HPs)
             Began as a Deep Dwarf Fighter on June 2, 2018.
             Was a High Priest of Makhleb.
             Slain by a black mamba (9 damage)
             ... on level 2 of the Snake Pit.
             The game lasted 00:12:40 (11109 turns).

Gorglomux the Protected (Deep Dwarf Fighter)       Turns: 11109, Time: 00:12:41

Health: 0/124      AC: 29    Str: 24    XL:     13   Next: 53%
Magic:  10/10      EV:  1    Int: 10    God:    Makhleb [*****.]
Gold:   280        SH: 15    Dex: 12    Spells: 12/12 levels left

rFire    + . .     SeeInvis .   z - +0 war axe (chop)
rCold    + . .     Gourm    .   S - +2 shield
rNeg     . . .     Faith    .   J - +1 gold dragon scales
rPois    +         Spirit   .   L - +0 helmet
rElec    .         Reflect  .   X - +0 cloak
rCorr    .         Harm     .   v - +2 pair of gloves
MR       +....                  N - +2 pair of boots
Stlth    ..........             l - amulet of rage
HPRegen  0.00/turn              U - ring of loudness
MPRegen  0.12/turn              (no ring)

@: lethally poisoned (0 -> -32), berserk cooldown, non-regenerating, slowed,
constricted, very slow
A: damage resistance, heal wounds, sense surroundings 2, no regeneration
a: Heal Wounds, Minor Destruction, Lesser Servant of Makhleb, Major Destruction,
Greater Servant of Makhleb, Renounce Religion, Evoke Berserk Rage


You were on level 2 of the Snake Pit.
You worshipped Makhleb.
Makhleb was extremely pleased with you.
You were not hungry.

You visited 4 branches of the dungeon, and saw 18 of its levels.
You also visited: Bailey.

You collected 814 gold pieces.
You spent 534 gold pieces at shops.

Inventory:

Hand Weapons
 z - a +0 war axe of chopping (weapon)
 G - a +0 broad axe
 H - a +1 scimitar of flaming
Missiles
 Z - a throwing net (quivered)
Armour
 v - a +2 pair of gloves (worn)
 x - a +0 large shield
 J - +1 gold dragon scales (worn)
 L - a +0 helmet (worn)
 N - a +2 pair of boots (worn)
 S - a +2 shield (worn)
 X - a +0 cloak (worn)
Jewellery
 l - an amulet of rage (around neck)
 C - an uncursed ring of wizardry {unknown}
 F - an uncursed ring of magical power {unknown}
 U - a ring of loudness (left hand)
 V - an uncursed amulet of the gourmand {unknown}
Wands
 A - a wand of acid (13)
 D - a wand of digging (9)
 E - a wand of enslavement (19)
 I - a wand of iceblast (6)
Scrolls
 h - 3 scrolls of amnesia
 i - 6 scrolls of fog
 m - 2 scrolls of fear
 t - 2 scrolls of enchant weapon
 w - a scroll of noise
 y - a scroll of enchant armour
 B - 2 scrolls of blinking
 M - 4 scrolls of magic mapping
 R - a scroll of identify
 T - 4 scrolls of teleportation
 Y - 3 scrolls of remove curse
Potions
 d - 2 potions of might
 n - 6 potions of heal wounds
 p - 3 potions of brilliance
 r - 7 potions of agility
 s - 2 potions of lignification
 K - 2 potions of berserk rage
 O - a potion of cancellation {unknown}
 P - a potion of haste
 Q - 3 potions of curing
Miscellaneous
 W - a sack of spiders
Comestibles
 f - 9 rations


   Skills:
 + Level 10.6 Fighting
 + Level 12.0 Axes
 + Level 12.3 Armour
 + Level 12.3 Shields
 + Level 11.2 Invocations


You had 12 spell levels left.
You didn't know any spells.
Your spell library contained the following spells:

 Spells                   Type           Power        Failure   Level  Hunger
 Magic Dart               Conj           #...         100%        1    ##.....
 Apportation              Tloc           #.....       100%        1    ##.....
 Conjure Flame            Conj/Fire      #.......     100%        3    ####...
 Slow                     Hex            #.......     100%        2    ###....
 Mephitic Cloud           Conj/Pois/Air  #.......     100%        3    ####...
 Summon Small Mammal      Summ           #...         100%        1    ##.....
 Blink                    Tloc           N/A          100%        2    ###....
 Animate Skeleton         Necr           N/A          100%        1    ##.....
 Call Imp                 Summ           #.......     100%        2    ###....
 Confusing Touch          Hex            #.....       100%        1    ##.....


Dungeon Overview and Level Annotations

Branches:
Dungeon (11/15)            Temple (1/1) D:7            Lair (4/6) D:10
  Swamp (0/4) Lair:4        Snake (2/4) Lair:4          Orc (0/2) D:9

Altars:
Ashenzari
Cheibriados
Dithmenos
Elyvilon
Fedhas
Hepliaklqana
Makhleb
Nemelex Xobeh
Okawaru
Qazlal
Ru
Sif Muna
Trog
Vehumet
Xom
Zin
The Shining One
Beogh

Shops:
D:4 !   Snake:1 :?

Annotations:
Lair:1 exclusion: 3 oklob plants


Innate Abilities, Weirdness & Mutations

You are resistant to damage.
You can heal yourself by infusing magical energy.
You passively map the area around you.
You do not regenerate.


Message History

* * * don't die
* * * The naga ritualist hits you but does no damage!
You are more poisoned!
You feel butt better!
You feel very sick!
The black mamba butts you but does no damage!
You block the black mamba's attack!
The black mamba bites butt butt does no damage!
The black mamba bites you but does no damage!
You block the black mamba's attack!
The black mamba bites you! * * * don't die
* * * The naga hits you but does no damage!
The naga constricts you!
The naga warrior hits you from afar with a halberd!!!!!! * * * don't die
* * * The butt mamba bites you!
The butt mamba bites you butt does butt damage!
The butt ritualist hits you but does no damage!
You are more poisoned!
The black mamba bites you!!! butt

*, ,* * * ,, * *
... * ** *
,.#...##### ** ,
..#**......... ,
,,
...####.##...# *
, ,, , ,
.#...........# *
** ,
........%...>#
..........SN####
* #....##.N@.N.#
, #......SS##.#
*** ##..####.# ,
#..# #..#* * * *
#.### $.... ,
###...# ..###.
*** * #.....#
... , ..
#.#........ ,, .
* #.######... ,


You could see a naga warrior, a naga ritualist, 3 black mambas and a naga.

Vanquished Creatures
  Josephine (Lair:4)
  A hydra (Lair:4)
  3 anacondas (Snake:1)
  3 naga warriors (Snake:1)
  Erica (D:10)
  3 naga sharpshooters (Snake:1)
  2 shock serpents (Snake:1)
  Urug (Lair:3)
  An oklob plant (D:10)
  4 mana vipers (Snake:1)
  A salamander (Snake:1)
  Maurice (D:10)
  A guardian serpent (Lair:4)
  4 black mambas
  4 spiny frogs
  2 naga magi
  A rime drake (Lair:3)
  The ghost of Supreme the Chiller, a novice MfIE of the Shining One (D:5)
  A komodo dragon (Lair:2)
  A troll (D:11)
  2 polar bears
  Prince Ribbit (D:6)
  10 blink frogs
  4 dream sheep (Lair:4)
  5 hippogriffs
  5 wraiths (Lair:4)
  Sigmund (D:4)
  24 yaks
  2 hungry ghosts
  3 vampire mosquitoes (Lair:4)
  Menkaure (D:6)
  A steam dragon (D:10)
  5 nagas (Snake:1)
  5 water moccasins
  6 porcupines
  3 ice beasts
  5 orc warriors
  3 sky beasts
  2 phantoms
  10 black bears
  6 ogres
  An eye of draining (D:11)
  17 wolves
  6 centaurs
  4 crocodiles
  A big kobold (D:11)
  10 bullfrogs
  4 scorpions
  4 wights (D:9)
  3 electric eels
  4 howler monkeys
  4 crimson imps
  5 centaur zombies
  A bullfrog skeleton (D:11)
  9 hounds
  A jelly (D:10)
  5 orc wizards
  3 orc priests
  A centaur skeleton (D:7)
  Terence (D:3)
  3 iguanas
  2 hell rats (Lair:3)
  8 worker ants
  2 hound zombies
  3 gnolls (D:10)
  6 adders
  2 shadow imps
  An adder zombie (D:6)
  An adder skeleton (D:9)
  2 dart slugs (D:2)
  8 leopard geckos
  42 orcs
  A ball python (D:1)
  4 giant cockroaches
  2 goblins
  4 hobgoblins
  4 jackals (D:6)
  13 kobolds
  2 quokkas (D:3)
  2 bats (D:1)
  2 frilled lizards
  A jackal skeleton (D:4)
  3 rats
  A fungus (Lair:3)
  A plant (D:10)
345 creatures vanquished.

Vanquished Creatures (collateral kills)
  2 hydras (Lair:3)
  A yak (Lair:3)
  3 hell rats (Lair:3)
6 creatures vanquished.

Vanquished Creatures (others)
  2 fungi (Lair:3)
  2 plants
4 creatures vanquished.

Grand Total: 355 creatures vanquished

Notes
Turn   | Place    | Note
-------+----------+-------------------------------------------
     0 | D:1      | Gorglomux the Deep Dwarf Fighter began the quest for the Orb.
     0 | D:1      | Reached XP level 1. HP: 20/20 MP: 1/1
   102 | D:1      | Reached XP level 2. HP: 24/27 MP: 2/2
   260 | D:2      | Reached skill level 3 in Fighting
   280 | D:2      | Reached XP level 3. HP: 21/34 MP: 3/3
   281 | D:2      | Found a white marble altar of Elyvilon.
   431 | D:3      | Noticed Terence
   449 | D:3      | Killed Terence
   449 | D:3      | Reached skill level 3 in Axes
   582 | D:3      | Reached XP level 4. HP: 40/42 MP: 4/4
   694 | D:3      | Found a blossoming altar of Fedhas.
   892 | D:4      | Noticed Sigmund
   934 | D:4      | Killed Sigmund
   934 | D:4      | Reached XP level 5. HP: 17/50 MP: 4/4
   948 | D:4      | Reached XP level 6. HP: 29/57 MP: 5/5
  1281 | D:4      | Found Quemus's Distillery.
  1286 | D:4      | Bought a potion of agility for 40 gold pieces
  1286 | D:4      | Bought a potion of might for 40 gold pieces
  1309 | D:5      | Entered Level 5 of the Dungeon
  1318 | D:5      | Noticed Supreme's ghost (novice MfIE)
  1326 | D:5      | HP: 1/57 [Supreme's ghost/puff of frost (17)]
  1372 | D:5      | Killed Supreme's ghost
  1372 | D:5      | Reached XP level 7. HP: 10/66 MP: 4/4
  2079 | D:6      | Noticed Menkaure
  2085 | D:6      | Killed Menkaure
  2085 | D:6      | Reached skill level 6 in Armour
  2085 | D:6      | Reached skill level 6 in Shields
  2085 | D:6      | Reached XP level 8. HP: 44/74 MP: 5/5
  2110 | D:6      | Noticed Prince Ribbit
  2339 | D:6      | Reached skill level 6 in Axes
  2355 | D:6      | Killed Prince Ribbit
  2552 | D:6      | Reached skill level 6 in Fighting
  2552 | D:6      | Gained mutation: You passively map the area around you. [Deep Dwarf growth]
  2552 | D:6      | Reached XP level 9. HP: 48/82 MP: 5/5
  2888 | D:6      | Found a radiant altar of Vehumet.
  3189 | D:7      | Found a staircase to the Ecumenical Temple.
  3204 | Temple   | Entered the Ecumenical Temple
  3270 | Temple   | Became a worshipper of Makhleb the Destroyer
  3669 | D:7      | Found a bloodstained altar of Trog.
  3832 | D:8      | Reached skill level 1 in Invocations
  3834 | D:8      | Reached * piety under Makhleb
  4178 | D:8      | Found a deep blue altar of Sif Muna.
  4260 | D:8      | Reached XP level 10. HP: 77/94 MP: 4/4
  4548 | D:9      | Found a shadowy altar of Dithmenos.
  4589 | D:9      | Found a staircase to the Orcish Mines.
  4607 | D:9      | Found a flagged portal.
  4621 | Bailey   | Entered a bailey
  4642 | D:9      | Found a glowing silver altar of Zin.
  4672 | D:9      | Reached skill level 3 in Invocations
  4895 | D:9      | Reached ** piety under Makhleb
  4982 | D:9      | Found a stormy altar of Qazlal.
  5223 | D:10     | Entered Level 10 of the Dungeon
  5315 | D:10     | Reached skill level 9 in Armour
  5338 | D:10     | Reached skill level 9 in Shields
  5488 | D:10     | Noticed Erica
  5501 | D:10     | Killed Erica
  5501 | D:10     | Reached skill level 9 in Axes
  5744 | D:10     | Found a roughly hewn altar of Beogh.
  5862 | D:10     | Noticed Maurice
  5889 | D:10     | Reached *** piety under Makhleb
  5889 | D:10     | Reached XP level 11. HP: 103/103 MP: 8/8
  5950 | D:10     | Found a staircase to the Lair.
  5951 | D:10     | Noticed an oklob plant
  6043 | D:10     | Killed an oklob plant
  6043 | D:10     | Reached skill level 6 in Invocations
  6209 | D:10     | Killed Maurice
  7407 | Lair:1   | Entered Level 1 of the Lair of Beasts
  7499 | Lair:1   | Noticed an oklob plant
  7500 | Lair:1   | Noticed an oklob plant
  7500 | Lair:1   | Noticed an oklob plant
  7787 | Lair:1   | Reached **** piety under Makhleb
  8032 | Lair:2   | Reached skill level 9 in Fighting
  8623 | Lair:3   | Noticed Urug
  8649 | Lair:3   | Killed Urug
  8649 | Lair:3   | Reached XP level 12. HP: 42/114 MP: 11/11
  8759 | Lair:3   | Noticed a four-headed hydra
  8768 | Lair:3   | Killed a four-headed hydra
  8962 | Lair:3   | Noticed a six-headed hydra
  8969 | Lair:3   | Killed a five-headed hydra
  8995 | Lair:3   | Reached skill level 9 in Invocations
  9193 | Lair:4   | Noticed Josephine
  9204 | Lair:4   | Killed Josephine
  9275 | Lair:4   | Found a staircase to the Snake Pit.
  9569 | Lair:4   | Noticed a seven-headed hydra
  9586 | Lair:4   | Killed a one-headed hydra
  9606 | Lair:4   | Reached ***** piety under Makhleb
  9680 | Lair:4   | Found a staircase to the Swamp.
  9754 | Snake:1  | Entered Level 1 of the Snake Pit
  9755 | Snake:1  | Noticed a naga warrior
  9789 | Snake:1  | Killed a naga warrior
  9801 | Snake:1  | Reached XP level 13. HP: 36/123 MP: 12/12
 10379 | Snake:1  | Reached skill level 12 in Armour
 10458 | Snake:1  | Reached skill level 12 in Shields
 10465 | Snake:1  | Found Zir Kosa's Magic Scroll Boutique.
 10508 | Snake:1  | Bought a scroll of blinking for 142 gold pieces
 10508 | Snake:1  | Bought a scroll of blinking for 142 gold pieces
 10508 | Snake:1  | Bought a scroll of magic mapping for 66 gold pieces
 10508 | Snake:1  | Bought a scroll of amnesia for 66 gold pieces
 10508 | Snake:1  | Bought a scroll of fog for 38 gold pieces
 10564 | Snake:1  | Found Migudgh's Book Shop.
 10835 | Snake:1  | Reached skill level 12 in Axes
 11109 | Snake:2  | Slain by a black mamba

Vault maps used:
D:1:      lemuel_arrival_muddy, hex_tiny, minmay_tromino_i2
D:2:      minmay_diamond_boxcup, first_ration, elyvilon_altar_5
D:3:      lemuel_coloured_pillars_altar, gup_sewer_entry_bubbles, uniq_terence
D:4:      serial_shops, kennysheep_little_box, uniq_sigmund
D:6:      fiery_altar_vehumet, uniq_prince_ribbit1, uniq_menkaure
D:7:      trog_ov_bears_minmay, minmay_temple_entry_crystal_x, the_bakery,
          st_stairs_9
D:8:      lemuel_crystal_altar
D:9:      nicolae_overflow_crystal_walls, old_standard_altar, orc_0_dummy,
          enter_bailey_2, grunt_dithmenos_smoke
D:10:     dpeg_oklobed_lair, uniq_maurice, uniq_erica
Temple:   nicolae_temple_elliptical
Lair:1:   beast_lair_carwin_large_3, minmay_lair_oklob_chamber,
          serial_bayou_shore_b, grunt_megastairs_1, serial_bayou_shore_a
Lair:2:   ldierk_geyser, serial_bayou_lagoon_b
Lair:3:   beast_lair_carwin_8, uniq_urug
Lair:4:   minmay_swamp_entry_swarm, minmay_snake_entry_spellcaster,
          uniq_josephine
Snake:1:  serial_shops, shop, shop
Snake:2:  spider_trap
Bailey:   bailey_axe_2, bailey

Skill      XL: |  1  2  3  4  5  6  7  8  9 10 11 12 13 |
---------------+----------------------------------------+-----
Fighting       | 3 4 5 6 7 8 9 10 | 10.6
Axes           | 3 4 5 6 8 9 10 11 12 | 12.0
Armour         | 4 5 6 7 8 9 10 11 12 | 12.3
Shields        | 4 5 6 7 8 9 10 11 12 | 12.3
Invocations    | 2 5 8 10 11 | 11.2

Action                   |  1- 3 |  4- 6 |  7- 9 | 10-12 | 13-15 || total
-------------------------+-------+-------+-------+-------+-------++-------
Melee: War axe           |    99 |   115 |   391 |   801 |   213 ||  1619
       Scimitar          |       |       |       |    11 |       ||    11
Invok: Minor Destruction |       |       |       |     6 |       ||     6
       Lesser Servant of |       |       |       |     3 |       ||     3
 Abil: Heal Wounds       |     1 |     7 |    19 |    15 |    16 ||    58
       Evoke Berserk Rag |       |     2 |     3 |    11 |     3 ||    19
  Use: Scroll            |       |       |     8 |     9 |       ||    17
 Stab: Distracted        |       |       |       |     5 |       ||     5
  Eat: Chunk             |       |     3 |     9 |    23 |     4 ||    39
       Ration            |       |       |     3 |     3 |     1 ||     7
Armor: Scale mail        |    43 |    41 |   170 |   140 |       ||   394
       Gold dragon scale |       |       |       |   524 |   133 ||   657
Dodge: Dodged            |    35 |    28 |   132 |   191 |    21 ||   407
Block: Shield            |    53 |    65 |   257 |   868 |   168 ||  1411
       Rpst.: Scimitar   |       |       |       |     3 |       ||     3

Table legend:
 A = Spawn XP
 B = Non-spawn XP
 C = Spawn XP percentage of total XP
 D = Spawn monster count
 E = Non-spawn monster count
 F = Spawn count percentage of total count
 G = Total turns spent on level
                    A         B        C        D         E        F      G
               +---------+---------+-------+---------+---------+-------+---------
         Total |       0 |   52184 |   0.0 |       0 |     349 |   0.0 | 11109
               +---------+---------+-------+---------+---------+-------+---------
           D:1 |       0 |      16 |   0.0 |       0 |       9 |   0.0 |   155
           D:2 |       0 |      32 |   0.0 |       0 |      10 |   0.0 |   145
           D:3 |       0 |      51 |   0.0 |       0 |       9 |   0.0 |   563
           D:4 |       0 |     446 |   0.0 |       0 |      19 |   0.0 |   450
           D:5 |       0 |     594 |   0.0 |       0 |       8 |   0.0 |   672
           D:6 |       0 |    2181 |   0.0 |       0 |      29 |   0.0 |  1137
           D:7 |       0 |    1237 |   0.0 |       0 |      21 |   0.0 |   535
           D:8 |       0 |     973 |   0.0 |       0 |      18 |   0.0 |   794
           D:9 |       0 |    1741 |   0.0 |       0 |      22 |   0.0 |   680
          D:10 |       0 |    4970 |   0.0 |       0 |      46 |   0.0 |  1473
          D:11 |       0 |    1362 |   0.0 |       0 |      20 |   0.0 |   711
        Lair:1 |       0 |    5397 |   0.0 |       0 |      26 |   0.0 |   509
        Lair:2 |       0 |    2370 |   0.0 |       0 |      17 |   0.0 |   680
        Lair:3 |       0 |    5107 |   0.0 |       0 |      26 |   0.0 |   497
        Lair:4 |       0 |   10482 |   0.0 |       0 |      43 |   0.0 |   661
       Snake:1 |       0 |   13920 |   0.0 |       0 |      22 |   0.0 |  1270
       Snake:2 |       0 |    1303 |   0.0 |       0 |       3 |   0.0 |    85
        Bailey |       0 |       2 |   0.0 |       0 |       1 |   0.0 |    11
               +---------+---------+-------+---------+---------+-------+---------
